 Dungeon Crawl Stone Soup version 0.31.0-12-g77e489cdc1 (webtiles) character file.

Game seed: 8103174190890808350

350 spaghetti the Shooter (level 6, -1/44 HPs)
             Began as a Human Hunter on Feb 18, 2024.
             Was an Initiate of Gozag.
             Slain by an orc wizard
             ... wielding a +0 dagger
              (3 damage)
             ... on level 4 of the Dungeon.
             The game lasted 00:03:35 (3119 turns).

spaghetti the Shooter (Human Hunter)                Turns: 3119, Time: 00:03:35

Health: -1/44      AC:  4    Str:  9 (11) XL:     6   Next: 61%
Magic:  6/6        EV:  6    Int:  6 (9)  God:    Gozag
Gold:   320        SH:  0    Dex: 18 (19) Spells: 5/5 levels left

rFire   . . .        a - +0 shortbow
rCold   . . .        (shield currently unavailable)
rNeg    . . .        c - +1 leather armour
rPois   .            (no helmet)
rElec   .            (no cloak)
rCorr   .            (no gloves)
SInv    .            (no boots)
Will    .....        (no amulet)
Stlth   ++           (no ring)
HPRegen 0.27/turn    (no ring)
MPRegen 0.10/turn

%: no passive effects
@: held
A: explore regen, MP-powered wands
a: Renounce Religion, Potion Petition, Call Merchant, Bribe Branch


You were on level 4 of the Dungeon.
You worshipped Gozag.
Gozag was aware of your devotion.
You visited 2 branches of the dungeon, and saw 5 of its levels.

You collected 451 gold pieces.
You paid 131 gold pieces to Gozag.

Inventory:

Hand Weapons
 a - a +0 shortbow (weapon)
Armour
 c - a +1 leather armour (worn)
Scrolls
 d - a scroll of acquirement {unknown}
Potions
 b - a potion of degeneration
 j - 2 potions of magic {unknown}
 k - a potion of cancellation {unknown}


   Skills:
 - Level 2.0 Fighting
 + Level 7.7 Ranged Weapons
 - Level 2.0 Dodging
 - Level 1.0 Stealth


You had 5 spell levels left.
You didn't know any spells.
Your spell library contained the following spells:

 Spells                   Type           Power      Damage    Failure   Level
 Foxfire                  Conj/Fire      0%         2x1d4     56%         1
 Shock                    Conj/Air       0%         1d3       56%         1
 Swiftness                Air            0%         N/A       91%         3
 Airstrike                Air            0%         2d(0-16)  100%        4
 Plasma Beam              Fire/Air       0%         2x1d10    100%        6
 Starburst                Conj/Fire      0%         6d3       100%        6


Dungeon Overview and Level Annotations

Branches:
Dungeon (4/15)             Temple (1/1) D:4

Altars:
Ashenzari
Cheibriados
Dithmenos
Gozag
Kikubaaqudgha
Makhleb
Nemelex Xobeh
Uskayaw
Vehumet
Wu Jian
Xom
Zin


Innate Abilities, Weirdness & Mutations

You regain HP and MP as you explore.
You expend magic power (3 MP) to strengthen your wands.


Message History

The orc wizard mumbles some strange words.
The orc wizard flickers and vanishes!
Deactivating autopickup; reactivate with Ctrl-A.
The orc wizard mumbles some strange words.
The orc wizard flickers and vanishes!
The gnoll hits you from afar with a +0 spear.
The orc shouts!
There is a stone staircase leading up, spattered with blood here.
You see here a throwing net.
Unknown command.
You struggle against the net.
The gnoll hits you from afar with a +4 spear.
Something hits you but does no damage. The orc hits you with a +0 hand axe.
The orc hits you with a +0 dagger.
The gnoll hits you from afar with a +0 spear.
Unknown command.
Unknown command.
Unknown command.
Okay, then.
You struggle against the net.
The gnoll hits you but does no damage. Something hits you but does no damage.
The gnoll hits you with a +1 whip of electrocution!
* * * LOW HITPOINT WARNING * * *
The orc barely misses you. Something hits you but does no damage.
The orc barely misses you.
The gnoll hits you from afar with a +0 spear.
* * * LOW HITPOINT WARNING * * *
Unknown command.
Unknown command.
Unknown command.
It was a potion of degeneration.
There was something very wrong with that liquid.
You feel weakened.
You feel dopey.
You feel clumsy.
The gnoll hits you from afar with a +4 spear.
* * * LOW HITPOINT WARNING * * *
The gnoll barely misses you. The orc hits you with a +0 hand axe.
* * * LOW HITPOINT WARNING * * *
Something hits you.
You die...
Your body crumbles into a pile of gold.

#..⌠...⌠..#(...#
..............#
#.#.........#.# #
##.##.##.##.# .
#.#........# ..
#..........##..
###...........#
#........####
#...{@...#
#...goo..#
#....ogg$####
#.........o$.#
...#######.......
.## .......
....... .......
.....8.


You could see 3 gnolls and 4 orcs.

Vanquished Creatures
  2 jellies (D:3)
  An iguana (D:4)
  2 orc wizards
  15 adders
  2 dart slugs
  8 orcs
  6 endoplasms
  A giant cockroach (D:4)
  6 goblins
  2 hobgoblins
  4 jackals (D:1)
  7 kobolds
  4 quokkas
  7 ball pythons
  4 bats
  2 frilled lizards (D:1)
  9 rats
82 creatures vanquished.

Notes
Turn   | Place    | Note
-------+----------+-------------------------------------------
     0 | D:1      | spaghetti the Human Hunter began the quest for the Orb.
     0 | D:1      | Reached XP level 1. HP: 16/16 MP: 1/1
   212 | D:1      | Reached XP level 2. HP: 22/22 MP: 2/2
   520 | D:1      | Reached XP level 3. HP: 27/27 MP: 3/3
   527 | D:1      | Reached skill level 5 in Ranged Weapons
   940 | D:2      | Reached XP level 4. HP: 33/33 MP: 4/4
  1576 | D:4      | Reached skill level 6 in Ranged Weapons
  1607 | D:4      | Found a staircase to the Ecumenical Temple.
  1617 | D:4      | Reached XP level 5. HP: 38/38 MP: 5/5
  1658 | Temple   | Entered the Ecumenical Temple
  1671 | Temple   | Became a worshipper of Gozag Ym Sagoz the Greedy
  1738 | D:3      | Gained mutation: You sometimes lose your temper in combat.
                  | [potion of mutation]
  1738 | D:3      | Lost mutation: You sometimes lose your temper in combat.
                  | [potion of mutation]
  1738 | D:3      | Gained mutation: You expend magic power (3 MP) to
                  | strengthen your wands. [potion of mutation]
  2077 | D:3      | Reached skill level 7 in Ranged Weapons
  2086 | D:3      | Reached XP level 6. HP: 44/44 MP: 6/6
  2156 | D:3      | Found a faded altar of an unknown god.
  2573 | D:3      | Found a shimmering altar of Xom.
  2782 | D:3      | Found a burning altar of Makhleb.
  3119 | D:4      | HP: 2/44 [orc/+0 hand axe (4)]
  3119 | D:4      | Slain by an orc wizard

Illustrated notes

Levels and vault maps discovered:
D:1:      minmay_arrival_arboretum_small, layout_basic, minmay_close_crescents
D:2:      layout_loops_ring
D:3:      layout_basic, mainiacjoe_overflow_alcove_4, dk_xom_monty_hall,
          basic_ecumenical_altar, minmay_snake_closets
D:4:      minmay_evil_eye, layout_rooms, amcnicky_altar_gilded,
          minmay_temple_entry_large_hall, minmay_crystal_room,
          grunt_ministairs_1, ebering_dispersal_statue_hall, minmay_quantized,
          uniq_robin, uniq_pikel
Temple:   compressed_dpeg_circular_temple

Skill      XL: |  1  2  3  4  5 |
---------------+----------------+-----
Ranged Weapons | 5 6 7 |  7.7
Fighting       | |  2.0
Dodging        | |  2.0
Stealth        | |  1.0

Action                     |  1- 3 |  4- 6 || total
---------------------------+-------+-------++-------
  Melee: Unarmed           |       |     3 ||     3
   Fire: Shortbow          |    87 |   188 ||   275
    Use: Scroll            |     4 |     1 ||     5
         Potion            |       |     8 ||     8
 Armour: Leather armour    |    17 |    81 ||    98
         Skin              |       |     2 ||     2
  Dodge: Dodged            |    24 |    47 ||    71
